 Dungeon Crawl Stone Soup version 0.22-a0-389-g8519d86 (webtiles) character file.

48 puppykicker the Shooter (level 3, 0/29 HPs)
             Began as a Minotaur Arcane Marksman on Apr 30, 2018.
             Slain by a jackal (2 damage)
             ... on level 2 of the Dungeon.
             The game lasted 00:02:38 (1493 turns).

puppykicker the Shooter (Minotaur Arcane Marksman)  Turns: 1493, Time: 00:02:39

Health: 0/29       AC:  3    Str: 14    XL:     3   Next: 50%
Magic:  2/3        EV: 12    Int: 11    God:
Gold:   56         SH:  0    Dex: 10    Spells: 1/4 levels left

rFire    . . .     SeeInvis .   a - +0 mace
rCold    . . .     Gourm    .   (no shield)
rNeg     . . .     Faith    .   e - +1 robe
rPois    .         Spirit   .   (helmet restricted)
rElec    .         Reflect  .   (no cloak)
rCorr    .         Harm     .   (no gloves)
MR       .....                  (no boots)
Stlth    +.........             j - amulet of inaccuracy (curse)
HPRegen  0.09/turn              (no ring)
MPRegen  0.08/turn              (no ring)

@: no status effects
A: retaliatory headbutt, horns 2
a: no special abilities


You were on level 2 of the Dungeon.
You were not hungry.

You visited 1 branch of the dungeon, and saw 2 of its levels.

You collected 56 gold pieces.


Innate Abilities, Weirdness & Mutations

You reflexively headbutt those who attack you in melee.
You have a pair of horns on your head.


   Skills:
 + Level 2.2 Fighting
 * Level 3.4 Bows
 + Level 1.7 Armour
 - Level 2.1 Dodging
 - Level 1.0 Spellcasting
 - Level 2.0 Hexes


You had one spell level left.
You knew the following spells:

 Your Spells              Type           Power        Failure   Level  Hunger
a - Corona                Hex            #......      14%         1    ##.....
b - Slow                  Hex            #.......     22%         2    ###....

Inventory:

Hand Weapons
 a - a +0 mace (weapon)
 b - a +0 shortbow
Missiles
 d - 12 arrows
Armour
 e - a +1 robe (worn)
Jewellery
 j - a cursed amulet of inaccuracy (around neck)
Scrolls
 g - a scroll of identify
Potions
 c - a potion of magic
 i - 2 potions of curing
Comestibles
 f - 4 rations
 h - 4 chunks of flesh {@w1}

Dungeon Overview and Level Annotations

Branches:
Dungeon (2/15)

Altars:

###...##........##....##.†
######...†.......#......#..
#................#......#..
#................#......#..
#...........#######.####.r.
#...........#.......####...
#...............?..........
##......#.###.......#......
#....>...@h...............
#......####..(..$..(......
#....... #............##.
##...... #......?..... #.
#..... ####........ #. #...
....## .. #... ....# ......
.....


You could see a jackal.


Message History

You closely miss the jackal.
The jackal bites you but does no damage.
The jackal barely misses you.
You closely miss the jackal.
The jackal bites you but does no damage.
The jackal bites you.
* * * LOW HITPOINT WARNING * * *
You closely miss the jackal. The jackal misses you.
The jackal bites you but does no damage.
You hit the jackal.
The jackal is lightly wounded.
The jackal bites you.
* * * LOW HITPOINT WARNING * * *
The jackal bites you.
* * * LOW HITPOINT WARNING * * *
Aiming: Corona (safe; 14% risk of failure)
Aim: a jackal (lightly wounded, chance to defeat MR: 55%)
The jackal is outlined in light.
The jackal closely misses you.
The jackal bites you but does no damage.
You barely miss the jackal.
The jackal is lightly wounded.
The jackal closely misses you. You furiously retaliate!
You headbutt the jackal!
You kill the jackal!
You barely miss the jackal. The jackal bites you.
* * * LOW HITPOINT WARNING * * *
The jackal barely misses you.
You miss the jackal. You headbutt the jackal.
The jackal is severely wounded.
The jackal closely misses you. The jackal bites you.
You die...

Action                   || total
-------------------------++-------
Melee: Dagger            ||    66
       Headbutt          ||    11
       Mace              ||    42
 Fire: Shortbow          ||    17
 Cast: Corona            ||     8
  Use: Scroll            ||     7
  Eat: Chunk             ||     2
Armor: Robe              ||    42
Dodge: Dodged            ||   132

Vault maps used:
D:1:      minmay_arrival_radiant_lines, minmay_cut_off

Notes
Turn   | Place    | Note
-------+----------+-------------------------------------------
     0 | D:1      | puppykicker the Minotaur Arcane Marksman began the quest for the Orb.
     0 | D:1      | Reached XP level 1. HP: 16/16 MP: 1/1
   193 | D:1      | Reached XP level 2. HP: 5/23 MP: 0/2
   200 | D:1      | Learned a level 2 spell: Slow
   550 | D:1      | Reached skill level 1 in Armour
  1192 | D:1      | Reached skill level 3 in Bows
  1333 | D:2      | Reached skill level 2 in Fighting
  1339 | D:2      | Reached XP level 3. HP: 28/29 MP: 3/3
  1492 | D:2      | HP: 2/29 [jackal (1)]
  1493 | D:2      | Slain by a jackal

Vanquished Creatures
  An ooze (D:2)
  A worm (D:2)
  A dart slug (D:1)
  3 leopard geckos
  5 bats
  2 giant cockroaches (D:1)
  2 goblins
  4 hobgoblins
  8 jackals
  A ball python (D:1)
  A frilled lizard (D:1)
  2 rats
31 creatures vanquished.
